 Dungeon Crawl Stone Soup version 0.20-a0-201-g851c6fa (webtiles) character file.

25 Borgoz the Skirmisher (level 3, -1/30 (31) HPs)
             Began as a Ghoul Abyssal Knight on Nov 24, 2016.
             Was an Initiate of Lugonu.
             Slain by a gnoll (5 damage)
             ... on level 1 of the Dungeon.
             The game lasted 00:01:24 (1069 turns).

Borgoz the Skirmisher (Ghoul Abyssal Knight)        Turns: 1069, Time: 00:01:25

HP:   -1/30 (31)    AC:  3    Str: 15    XL:     3   Next: 6%
MP:   3/3           EV: 11    Int:  7    God:    Lugonu [......]
Gold: 41            SH:  0    Dex:  9    Spells: 2/2 levels left

rFire  . . .     SeeInvis .       - Unarmed
rCold  + . .     Gourm    .     a - +0 leather armour
rNeg   + + +     Faith    .     (no shield)
rPois  ∞         Spirit   .     (no helmet)
rElec  .         Reflect  .     (no cloak)
rCorr  .         Harm     .     (no gloves)
MR     .....                    (no boots)
Stlth  +.........               (no amulet)
                                (no ring)
                                (no ring)

@: rotting
A: rotting body, claws 1, carnivore 3, cold resistance 1, negative energy
resistance 3, slow regeneration 1, torment resistance, unbreathing
a: Renounce Religion


You were on level 1 of the Dungeon.
You worshipped Lugonu.
Lugonu was noncommittal.
You were not hungry.

You visited 1 branch of the dungeon, and saw 2 of its levels.
You visited the Abyss 1 time.

You collected 41 gold pieces.

Inventory:

Armour
 a - a +0 leather armour (worn)
Jewellery
 e - an uncursed ring of stealth {unknown}
Scrolls
 d - 2 scrolls of fog {unknown}
 f - a scroll of magic mapping {unknown}
 h - 5 scrolls of identify {unknown}
 j - 4 scrolls of immolation {unknown}
 k - 2 scrolls of enchant weapon {unknown}
 l - a scroll of teleportation {unknown}
 n - a scroll of fear {unknown}
 o - a scroll of recharging {unknown}
Potions
 c - 2 potions of curing {unknown}
 g - a potion of might {unknown}
 m - a potion of ambrosia {unknown}
Comestibles
 b - 2 meat rations
 i - a royal jelly


   Skills:
 * Level 3.5 Fighting
 + Level 1.9 Armour
 + Level 1.4 Dodging
 * Level 2.9 Unarmed Combat
 + Level 2.1 Invocations


You had 2 spell levels left.
You didn't know any spells.

Dungeon Overview and Level Annotations

Branches:
Dungeon (2/15)

Altars:


Innate Abilities, Weirdness & Mutations

Your body is rotting away.
You thrive on raw meat.
You are immune to poison.
You have sharp fingernails.
You are carnivorous and can eat meat at any time.
Your flesh is cold resistant. (rC+)
You are immune to negative energy. (rN+++)
You regenerate slowly when monsters are visible.
You are immune to unholy pain and torment.
You can survive without breathing.


Message History

You have reached level 3!
Your experience leads to an increase in your attributes!
Increase (S)trength, (I)ntelligence, or (D)exterity?
You feel agile. The gnoll hits you!
There is a stone staircase leading down here.
The gnoll barely misses you. The gnoll misses you.
There is a stone staircase leading up here.
The gnoll hits you from afar with a halberd!
Ouch! That really hurt!
* * * LOW HITPOINT WARNING * * *
The gnoll barely misses you.
You climb upwards.
There is a stone staircase leading down here.
You barely miss the gnoll. You closely miss the gnoll. The gnoll hits you.
* * * LOW HITPOINT WARNING * * *
You barely miss the gnoll. The gnoll hits you.
You die...

###.##.....#
#...###.##.#
#.#####.##.#
#######..........#
......#######..######
#####.# #.......#
....#.# #...###.#
.#....# ####.#.###.#
.#....####....#g@...#
)...#......##########
#####.......#####
....#...........#
....##.....#.##.#
....##.#.#.#..#.#
.......#...#..#.#
###..####.....#.#
#......##.....#.#


You could see a gnoll.

Vanquished Creatures
  A gnoll (D:2)
  An ooze (D:1)
  A dart slug (D:1)
  A leopard gecko (D:1)
  A ball python (D:1)
  A bat (D:2)
  3 frilled lizards (D:1)
  3 kobolds (D:1)
12 creatures vanquished.

Notes
Turn   | Place    | Note
-------+----------+-------------------------------------------
     0 | Abyss:1  | Borgoz the Ghoul Abyssal Knight began the quest for the Orb.
     0 | Abyss:1  | Reached XP level 1. HP: 19/19 MP: 1/1
    34 | Abyss:1  | Noticed a ynoxinul
    65 | Abyss:1  | Noticed an ice dragon simulacrum
    67 | D:1      | Escaped the Abyss
   105 | D:1      | Reached skill level 1 in Dodging
   310 | D:1      | Reached XP level 2. HP: 20/26 MP: 2/2
   974 | D:2      | Reached XP level 3. HP: 29/30 MP: 3/3
  1069 | D:1      | Slain by a gnoll

Vault maps used:
D:1:      nicolae_arrival_washed_ashore
D:2:      uniq_crazy_yiuf_cottage

Skill      XL: |  1 |
---------------+----+-----
Dodging        | 1 |  1.4
Fighting       | |  3.5
Armour         | |  1.9
Unarmed Combat | |  2.9
Invocations    | |  2.1

Action                   || total
-------------------------++-------
Melee: Unarmed           ||    38
       Punch             ||     1
Invok: Depart the Abyss  ||     1
  Eat: Chunk             ||     2
Armor: Leather armour    ||     9
Dodge: Dodged            ||    16
